 Dungeon Crawl Stone Soup version 0.28-a0-653-g7e9dba17c3 (webtiles) character file.

Game seed: 14800650054114725320

4321 Zenkrye the Fighter (level 10, -6/124 (128) HPs)
             Began as an Ogre Transmuter on Oct 11, 2021.
             Was an Initiate of Uskayaw.
             Mangled by a wight (9 damage)
             ... on level 7 of the Dungeon.
             The game lasted 00:33:44 (11206 turns).

Zenkrye the Fighter (Ogre Transmuter)              Turns: 11206, Time: 00:33:44

HP:   -6/124 (128)  AC:  7    Str: 16    XL:     10   Next: 33%
MP:   6/14          EV: 11    Int: 23    God:    Uskayaw [......]
Gold: 337           SH:  0    Dex:  9    Spells: 5/15 levels left

rFire   x . .      SeeInvis .     - Unarmed
rCold   + + +      Faith    .   (shield currently unavailable)
rNeg    . . .      Spirit   .   (armour currently unavailable)
rPois   +          Reflect  .   (helmet currently unavailable)
rElec   .          Harm     .   (cloak currently unavailable)
rCorr   .          Rampage  .   (gloves unavailable)
Will    +....                   (boots unavailable)
Stlth   +.........              (no amulet)
HPRegen 0.30/turn               w - ring of wizardry
MPRegen 0.14/turn               T - +6 ring of intelligence

@: about to teleport, ice-form, wereblooded, lightly drained
A: freezing attack, amphibious, boosted hp, large, unfitting armour, (tough skin
1)
a: End Transformation, Renounce Religion


You were on level 7 of the Dungeon.
You worshipped Uskayaw.
Uskayaw was noncommittal.
You were a creature of crystalline ice.
You visited 2 branches of the dungeon, and saw 9 of its levels.

You collected 337 gold pieces.

Inventory:

Missiles
 b - 68 poisoned darts (quivered)
 p - 8 javelins
 q - 7 throwing nets {!f}
 r - 5 boomerangs
Armour
 a - a +0 robe (melded)
 o - a +2 cloak (melded)
 t - a +2 robe of willpower
 u - a +0 kite shield
Magical Staves
 j - a staff of earth
Jewellery
 c - a ring of protection from cold
 f - a ring of fire
 w - a ring of wizardry (left front paw)
 T - a +6 ring of intelligence (right front paw)
Wands
 v - a wand of iceblast (6) {@v4}
Scrolls
 h - 3 scrolls of teleportation {@r3}
 m - 2 scrolls of magic mapping
Potions
 d - a potion of cancellation
 e - 4 potions of flight
 g - 3 potions of lignification
 k - a potion of might {@q4}
 l - a potion of invisibility
 n - 3 potions of curing {@q1}
 s - a potion of brilliance
 z - a potion of attraction {unknown}
 A - a potion of mutation {unknown}


   Skills:
 + Level 9.4 Fighting
 + Level 6.5 Dodging
 * Level 7.3 Unarmed Combat
 - Level 3.0 Spellcasting
 + Level 6.6 Transmutations
 - Level 2.0 Ice Magic
 - Level 2.0 Poison Magic


You had 5 spell levels left.
You knew the following spells:

 Your Spells              Type           Power      Damage    Failure   Level
a - Beastly Appendage     Tmut           68%        N/A       1%          1
b - Spider Form           Tmut/Pois      11%        N/A       2%          3
c - Ice Form              Ice/Tmut       23%        N/A       9%          4
d - Wereblood             Tmut           34%        N/A       1%          2

Your spell library contained the following spells:

 Spells                   Type           Power      Damage    Failure   Level
 Foxfire                  Conj/Fire      12%        2x1d4     4%          1
 Poisonous Vapours        Pois/Air       16%        N/A       4%          2
 Corpse Rot               Necr/Air       N/A        N/A       7%          2
 Sublimation of Blood     Necr           1%         N/A       7%          2
 Conjure Flame            Conj/Fire      3%         6-21      14%         3
 Inner Flame              Hex/Fire       3%         N/A       14%         3
 Flame Wave               Conj/Fire      3%         3d3       41%         4
 Summon Hydra             Summ           1%         N/A       100%        7


Dungeon Overview and Level Annotations

Branches:
Dungeon (8/15)             Temple (1/1) D:7
   Lair: D:8-11

Altars:
Ashenzari
Cheibriados
Dithmenos
Elyvilon
Fedhas
Gozag
Hepliaklqana
Kikubaaqudgha
Nemelex Xobeh
Qazlal
Ru
Sif Muna
Trog
Uskayaw
Vehumet
Wu Jian
Xom
Yredelemnul
Zin
The Shining One

Shops:
D:3 *((

Annotations:
D:4 1 transporter, lawman0's ghost, amateur GnCA


Innate Abilities, Weirdness & Mutations

You are a creature of crystalline ice.
You have a powerful freezing melee attack.
You are amphibious.
Your maximum health is increased.
Your armour is entirely melded.
You are incapable of wielding weapons or throwing items.
You are too large for most types of armour.
((You have tough skin. (AC +1)))


Message History

You feel drained. The yak gores you!
You hit the yak but do no damage.
The yak is lightly wounded.
The yak gores you! The yak barely misses you. The wight barely misses you.
The wight closely misses you. The yak barely misses you.
You punch the yak! You freeze the yak.
The yak is moderately wounded.
The yak gores you! The yak gores you but does no damage.
The wight closely misses you.
The wight hits you with a +0 morningstar!
The yak completely misses you. The wight closely misses you.
You are too injured to fight recklessly!
The yak gores you. x2; The wight hits you with a +3 flail!
The wight hits you with a +0 morningstar!
The yak gores you. The wight hits you with a +2 scimitar!
* * * LOW HITPOINT WARNING * * *
You climb upwards.
There is a stone staircase leading down here.
As you read the scroll of teleportation {@r3}, it crumbles to dust.
You feel strangely unstable. The yak gores you.
* * * LOW HITPOINT WARNING * * *
The yak barely misses you. The wight completely misses you.
The wight hits you with a +5 scimitar.
* * * LOW HITPOINT WARNING * * *
The wight misses you. The yak gores you.
* * * LOW HITPOINT WARNING * * *
You stomp with the beat, sending a shockwave through the revellers around you!
The yak is moderately wounded.
The yak is heavily wounded.
The wight is moderately damaged.
The yak is moderately wounded.
The wight is moderately damaged. x2
You can no longer stomp with the beat.
The yak gores you!
* * * LOW HITPOINT WARNING * * *
The yak gores you.
* * * LOW HITPOINT WARNING * * *
The wight misses you. The wight hits you with a +5 scimitar!
* * * LOW HITPOINT WARNING * * *
The wight hits you with a +3 flail!
You die...

..............#.....##........##.
.###.....#...##....####†.....####
.#.......###......##..').....'..#
..........#.......##..'......'..#
...................####......####
........#''#........##..).....##.
.......##).##...z.....†.#''#.....
.......##..##..zz#.....##..##....
........####...YY###.).##..##..##
.........##....zYY#.)...####.....
....................)....##.....#
................##...#........#.#
................###)..##.........
........######### #)<..#.......#.
........# ####### #..............
........####⌠.⌠## #............#.
...........'.>.## #.......###.##.


You could see 3 yaks and 4 wights.

Vanquished Creatures
  Grinder (D:3)
  Sigmund (D:3)
  A wyvern (D:7)
  Grum (D:7)
  Menkaure (D:7)
  Edmund (D:5)
  2 water moccasins
  Duvessa (D:5)
  An orc warrior (D:6)
  A sky beast (D:7)
  3 ogres
  A hornet zombie (D:7)
  A wolf (D:6)
  2 phantoms
  2 kobold brigands
  Blork the orc (D:4)
  A water moccasin zombie (D:6)
  A scorpion (D:5)
  5 gnoll sergeants
  A water moccasin skeleton (D:4)
  Dowan (D:5)
  5 killer bees (D:7)
  4 wights
  A howler monkey (D:6)
  12 hounds (D:7)
  3 jellies
  A bullfrog skeleton (D:7)
  2 centaur skeletons
  3 gnoll shamans (D:7)
  2 orc priests
  Ijyb (D:4)
  An orc wizard (D:6)
  4 iguanas
  A killer bee zombie (D:7)
  5 adders
  27 gnolls
  An ufetubus (D:5)
  An adder skeleton (D:4)
  A worm (D:3)
  5 dart slugs
  16 orcs
  9 endoplasms
  4 giant cockroaches
  3 goblins
  10 hobgoblins
  9 jackals
  7 quokkas
  4 ball pythons
  6 bats
  2 frilled lizards
  24 kobolds
  3 rats
207 creatures vanquished.

Vanquished Creatures (others)
  15 plants (D:5)
15 creatures vanquished.

Grand Total: 222 creatures vanquished

Notes
Turn   | Place    | Note
-------+----------+-------------------------------------------
     0 | D:1      | Zenkrye the Ogre Transmuter began the quest for the Orb.
     0 | D:1      | Reached XP level 1. HP: 19/19 MP: 3/3
   294 | D:1      | Reached skill level 2 in Fighting
   357 | D:1      | Reached XP level 2. HP: 27/28 MP: 3/5
  1099 | D:2      | Reached XP level 3. HP: 34/36 MP: 3/6
  1113 | D:2      | Learned a level 3 spell: Spider Form
  1554 | D:2      | Reached XP level 4. HP: 44/44 MP: 6/8
  1869 | D:3      | Noticed Sigmund
  1941 | D:3      | Found Vuarphirch's Weapon Boutique.
  2030 | D:3      | Reached skill level 1 in Poison Magic
  2037 | D:3      | Learned a level 4 spell: Ice Form
  2144 | D:3      | Found Lenink's Antique Weapon Shoppe.
  2339 | D:3      | Found a faded altar of an unknown god.
  2656 | D:3      | Found Salyxt's Assorted Antiques.
  2737 | D:3      | Killed Sigmund
  2738 | D:3      | Reached skill level 3 in Fighting
  2738 | D:3      | Reached XP level 5. HP: 39/53 MP: 5/9
  2738 | D:3      | Reached XP level 6. HP: 45/61 MP: 5/10
  2929 | D:4      | Noticed Blork the orc
  3059 | D:4      | Killed Blork the orc
  3267 | D:4      | Noticed Grinder
  3440 | D:4      | Reached skill level 4 in Fighting
  3445 | D:3      | Learned a level 2 spell: Wereblood
  3696 | D:4      | Reached XP level 7. HP: 52/70 MP: 6/11
  3734 | D:4      | Paralysed by Grinder for 5 turns
  3746 | D:3      | Killed Grinder
  4072 | D:4      | Reached skill level 5 in Fighting
  4276 | D:4      | Noticed Ijyb
  4290 | D:4      | Killed Ijyb
  4595 | D:4      | Found a transporter.
  4595 | D:4      | Noticed lawman0's ghost (amateur GnCA)
  4964 | D:4      | Found a basalt altar of Yredelemnul.
  4965 | D:4      | Found a shimmering altar of Xom.
  4967 | D:4      | Found a snail-covered altar of Cheibriados.
  4969 | D:4      | Found a glowing silver altar of Zin.
  4969 | D:4      | Found an ornate altar of the Wu Jian Council.
  5237 | D:5      | Entered Level 5 of the Dungeon
  5237 | D:5      | Found a shimmering blue altar of Sif Muna.
  5439 | D:5      | Reached XP level 8. HP: 66/83 MP: 8/12
  5511 | D:5      | Noticed Dowan
  5534 | D:5      | Killed Dowan
  5540 | D:5      | Noticed Duvessa
  5627 | D:5      | Killed Duvessa
  5628 | D:5      | Reached skill level 1 in Ice Magic
  5836 | D:5      | Found a broken altar of Ashenzari.
  5837 | D:5      | Found a bloodstained altar of Trog.
  5838 | D:5      | Found a white marble altar of Elyvilon.
  5839 | D:5      | Found a shadowy altar of Dithmenos.
  5864 | D:5      | Noticed Edmund
  5877 | D:5      | Killed Edmund
  5878 | D:5      | Reached skill level 6 in Fighting
  5878 | D:5      | Reached skill level 5 in Unarmed Combat
  6374 | D:5      | Found a hazy altar of Hepliaklqana.
  6909 | D:6      | Reached skill level 7 in Fighting
  6909 | D:6      | Reached skill level 5 in Transmutations
  6909 | D:6      | Reached XP level 9. HP: 88/93 MP: 10/13
  7728 | D:6      | Reached skill level 5 in Dodging
  8361 | D:7      | Noticed Menkaure
  8366 | D:7      | Killed Menkaure
  8900 | D:7      | Reached skill level 8 in Fighting
  9726 | D:7      | Reached XP level 10. HP: 82/106 MP: 7/14
  9737 | D:7      | Reached skill level 9 in Fighting
 10533 | D:7      | Noticed Grum
 10540 | D:7      | Killed Grum
 10713 | D:7      | Found a staircase to the Ecumenical Temple.
 10718 | Temple   | Entered the Ecumenical Temple
 10845 | Temple   | Became a worshipper of Uskayaw the Reveller
 10915 | D:7      | Reached * piety under Uskayaw
 10928 | D:7      | Reached ** piety under Uskayaw
 10937 | D:7      | Reached *** piety under Uskayaw
 10942 | D:7      | Reached **** piety under Uskayaw
 11206 | D:7      | HP: 3/124 [wight (8)]
 11206 | D:7      | Mangled by a wight

Illustrated notes

Levels and vault maps discovered:
D:1:      lightli_arrival_quake, layout_basic, minmay_split_cup_small
D:2:      layout_basic, minmay_misc_feat_plants
D:3:      layout_basic, gup_sewer_entry_bowl,
          shapermc_ecumenical_altar_starsandcircs, serial_shops,
          nicolae_shop_stone, nicolae_shop_trees, shop, minmay_checkerbox,
          uniq_sigmund
D:4:      layout_basic, grunt_temple_overflow_open, gammafunk_ghost_mausoleum,
          uniq_blork_the_orc, uniq_grinder, uniq_ijyb
D:5:      kennysheep_kobold_camp, layout_rooms, nicolae_sif_muna_condensation,
          nzn_hepliaklqana_mist_gate,
          chequers_temple_overflow_statue_of_worship, nrook_campfire,
          uniq_duvessa, uniq_edmund
D:6:      layout_layer_cave, kennysheep_generic_room_12
D:7:      minmay_spotlight, layout_cave_pools, temple_doors_ab,
          serial_gnoll_camp, gnoll_camp_mini_basic, grums_kennel,
          gnoll_camp_huts_basic, gnoll_camp_mini_hut, gnoll_camp_medium_01,
          gnoll_camp_medium_02, uniq_menkaure
D:8:      layout_rooms, lemuel_tele_altar, gammafunk_ghost_spectres, uniq_harold
Temple:   nicolae_temple_figure_zero

Skill      XL: |  1  2  3  4  5  6  7  8  9 10 |
---------------+-------------------------------+-----
Fighting       | 2 3 4 5 7 8 9 |  9.4
Unarmed Combat | 3 4 5 6 7 |  7.3
Transmutations | 2 4 5 6 |  6.6
Poison Magic   | 2 |  2.0
Spellcasting   | 3 |  3.0
Dodging        | 2 3 4 6 |  6.5
Ice Magic      | 2 |  2.0

Action                   |  1- 3 |  4- 6 |  7- 9 | 10-12 || total
-------------------------+-------+-------+-------+-------++-------
Melee: Unarmed           |    97 |    95 |   354 |    85 ||   631
       Kick              |    14 |     4 |       |       ||    18
       Headbutt          |     9 |     2 |       |       ||    11
       Punch             |     1 |       |     1 |       ||     2
Throw: Dart              |    13 |     6 |    89 |       ||   108
 Cast: Beastly Appendage |    18 |     3 |       |       ||    21
       Spider Form       |       |    13 |    45 |     2 ||    60
       Wereblood         |       |     2 |    16 |     3 ||    21
       Ice Form          |       |       |    12 |     7 ||    19
Invok: Stomp             |       |       |       |     1 ||     1
 Abil: End Transformatio |       |       |     3 |       ||     3
Evoke: Wand              |       |       |     3 |       ||     3
  Use: Scroll            |     6 |     2 |     5 |     6 ||    19
       Potion            |       |       |     2 |       ||     2
Armor: Robe              |    50 |    15 |    22 |     1 ||    88
       Skin              |       |     9 |    46 |    18 ||    73
Dodge: Dodged            |    50 |    68 |   238 |    70 ||   426

Table legend: (Time is in decaauts)
 A = Elapsed time spent in this place.
 B = Non-inter-level travel time spent in this place.
 C = Inter-level travel time spent in this place.
 D = Time resting spent in this place.
 E = Time spent auto-exploring this place.
 F = Levels seen in this place.
 G = Mean time per level.
                   A        B        C        D        E       F      G
               +--------+--------+--------+--------+--------+-----+--------+
         Total |  11181 |  10645 |    536 |   1443 |   7427 |   9 | 1242.3 |
       Dungeon |  11040 |  10532 |    508 |   1443 |   7317 |   8 | 1380.0 |
        Temple |    140 |    112 |     28 |      0 |    110 |   1 |  140.0 |
               +--------+--------+--------+--------+--------+-----+--------+

Top non-repeatable levels by time:
     D:7: 2322 daAuts
     D:6: 1985 daAuts
     D:3: 1901 daAuts
     D:4: 1441 daAuts
     D:5: 1414 daAuts
     D:1: 1030 daAuts
     D:2: 938 daAuts
  Temple: 140 daAuts
     D:8: 7 daAuts
